 Dungeon Sprint DCSS version 0.27.1-33-g824d729ab1 (webtiles) character file.

Game seed: 14133213664851420358

1720 Adenis the Imperceptible (level 8, 0/91 HPs)
             Began as a Vampire Brigand on Dec 3, 2021.
             Was a Believer of Yredelemnul.
             Slain by a demonic crawler (11 damage)
             ... in the Dungeon (Sprint I: "Red Sonja").
             The game lasted 00:03:38 (179 turns).

Adenis the Imperceptible (Vampire Brigand)           Turns: 179, Time: 00:03:40

Health: 0/91       AC:  3    Str: 10    XL:     8   Next: 75%
Magic:  8/8        EV: 13    Int: 13    God:    Yredelemnul [**....]
Gold:   368        SH:  0    Dex: 18    Spells: 7/7 levels left

rFire    . . .     SeeInvis +   a - +2 dagger
rCold    . . .     Faith    .   (no shield)
rNeg     . . .     Spirit   .   b - +0 robe
rPois    .         Reflect  .   (no helmet)
rElec    .         Harm     .   c - +0 cloak
rCorr    .         Rampage  .   (no gloves)
Will     .....     NoTele   +   (no boots)
Stlth    ..........             (no amulet)
HPRegen  0.45/turn              (no ring)
MPRegen  0.11/turn              (no ring)

@: berserking, healing quickly, very quick
A: alive, fangs 3, see invisible, vampiric 2
a: Exsanguinate, Renounce Religion, Animate Remains, Recall Undead Slaves,
Injury Mirror


You were in the Dungeon.
You worshipped Yredelemnul.
Yredelemnul was pleased with you.
You visited 1 branch You collected 368 gold pieces.

Inventory:

Hand Weapons
 a - a +2 dagger (weapon)
Missiles
 d - 8 poisoned darts (quivered)
 e - 2 curare-tipped darts
Armour
 b - a +0 robe (worn)
 c - a +0 cloak (worn)
Wands
 l - a wand of flame (19)
 m - a wand of polymorph (2)
Scrolls
 k - a scroll of blinking
Potions
 f - 2 potions of curing
 h - a potion of haste
 i - 2 potions of magic


   Skills:
 + Level 4.3 Fighting
 + Level 5.7 Short Blades
 + Level 4.1 Throwing
 + Level 2.7 Dodging
 * Level 24.1 Stealth


You had 7 spell levels left.
You didn't know any spells.
Your spell library contained the following spells:

 Spells                   Type           Power      Damage    Failure   Level
 Shock                    Conj/Air       0%         1d3       30%         1
 Swiftness                Air            0%         N/A       67%         3
 Airstrike                Air            0%         N/A       97%         4


Dungeon Overview and Level Annotations

Branches:
Dungeon (1/1)

Altars:
Cheibriados
Dithmenos
Elyvilon
Fedhas
Gozag
Hepliaklqana
Kikubaaqudgha
Makhleb
Nemelex Xobeh
Okawaru
Qazlal
Ru
Sif Muna
Trog
Uskayaw
Vehumet
Wu Jian
Xom
Yredelemnul
Zin
The Shining One
Jiyva
Lugonu

Shops:
D !


Innate Abilities, Weirdness & Mutations

Your natural rate of healing is accelerated.
You have razor-sharp teeth.
You have supernaturally acute eyesight. (SInv)
You are afflicted with vampirism and can become a bat while bloodless.


Message History

You puncture the demonic crawler!
The demonic crawler is lightly wounded.
You hit the demonic crawler.
The demonic crawler is lightly wounded.
The demonic crawler barely misses you. The demonic crawler hits you.
The demonic crawler hits you!
You hit the demonic crawler.
You bite the demonic crawler, but do no damage.
The demonic crawler is moderately wounded.
The demonic crawler hits you.
The demonic crawler hits you but does no damage.
The demonic crawler closely misses you.
You hit the demonic crawler but do no damage.
The demonic crawler is moderately wounded.
You completely miss the demonic crawler.
The demonic crawler is moderately wounded.
The demonic crawler hits you! The demonic crawler misses you.
The demonic crawler hits you but does no damage.
You hit the demonic crawler.
The demonic crawler is moderately wounded.
You hit the demonic crawler but do no damage.
Your bite misses the demonic crawler.
The demonic crawler is moderately wounded.
The demonic crawler barely misses you. The demonic crawler closely misses you.
The demonic crawler barely misses you.
You hit the demonic crawler.
The demonic crawler is moderately wounded.
The demonic crawler hits you!
* * * LOW HITPOINT WARNING * * *
The demonic crawler misses you. The demonic crawler hits you.
* * * LOW HITPOINT WARNING * * *
You puncture the demonic crawler!
The demonic crawler is heavily wounded.
You hit the demonic crawler. Your bite misses the demonic crawler.
The demonic crawler is severely wounded.
The demonic crawler hits you.
* * * LOW HITPOINT WARNING * * *
The demonic crawler hits you!
You die...
Yredelemnul claims you as an undead slave.

##################
.#.)'..#__#..'..)#
†'..#..'..'..#..s##+#
+#####'#__####).@+s.#
#...#(####)$#####†.+
##..##.#≈§≈§c #+##
_##'#_.+§§§.§
..'..._#§§§§c
_##_.#'# +# _###+#.#
## ###


You could see a demonic crawler.

Vanquished Creatures
  2 kobold demonologists (D)
  2 demonic crawlers (D)
  A slime creature (D)
  Sigmund (D)
  A yak (D)
  A floating eye (D)
  An ogre (D)
  A jelly (D)
  Ijyb (D)
11 creatures vanquished.

Notes
Turn   | Place    | Note
-------+----------+-------------------------------------------
     0 | D        | Adenis the Vampire Brigand began the quest for the Orb.
     0 | D        | Reached XP level 1. HP: 16/16 MP: 1/1
     2 | D        | Noticed Ijyb
     6 | D        | Killed Ijyb
     7 | D        | Reached skill level 9 in Stealth
     7 | D        | Reached XP level 2. HP: 23/23 MP: 2/2
     9 | D        | Noticed an ogre
    13 | D        | Killed an ogre
    14 | D        | Reached skill level 12 in Stealth
    14 | D        | Gained mutation: You are afflicted with vampirism and can
                  | become a bat while bloodless. [Vampire growth]
    14 | D        | Reached XP level 3. HP: 28/28 MP: 3/3
    14 | D        | Reached XP level 4. HP: 34/34 MP: 4/4
    21 | D        | Noticed Sigmund
    25 | D        | Killed Sigmund
    26 | D        | Reached skill level 16 in Stealth
    26 | D        | Reached XP level 5. HP: 41/41 MP: 5/5
    39 | D        | Found an ornate altar of the Wu Jian Council.
    39 | D        | Found a shimmering blue altar of Sif Muna.
    41 | D        | Found a radiant altar of Vehumet.
    48 | D        | Reached skill level 17 in Stealth
    48 | D        | Reached XP level 6. HP: 47/47 MP: 6/6
    49 | D        | Found Atu Gid's Distillery.
    49 | D        | Found an ancient bone altar of Kikubaaqudgha.
    49 | D        | Found a hazy altar of Hepliaklqana.
    49 | D        | Found a stormy altar of Qazlal.
    49 | D        | Found a hide-covered altar of Uskayaw.
    49 | D        | Found a blossoming altar of Fedhas.
    49 | D        | Found a bloodstained altar of Trog.
    49 | D        | Found an iron altar of Okawaru.
    49 | D        | Found a basalt altar of Yredelemnul.
    49 | D        | Found a snail-covered altar of Cheibriados.
    49 | D        | Found a sacrificial altar of Ru.
    49 | D        | Found a shadowy altar of Dithmenos.
    49 | D        | Noticed a yak
    50 | D        | Found an opulent altar of Gozag.
    51 | D        | Killed a yak
    52 | D        | Reached skill level 18 in Stealth
    52 | D        | Found a sparkling altar of Nemelex Xobeh.
    96 | D        | Became a worshipper of Yredelemnul the Dark
   117 | D        | Noticed a centaur warrior
   117 | D        | Noticed a centaur warrior
   123 | D        | Found a burning altar of Makhleb.
   123 | D        | Found a viscous altar of Jiyva.
   123 | D        | Found a shimmering altar of Xom.
   123 | D        | Found a corrupted altar of Lugonu.
   123 | D        | Noticed a slime creature
   126 | D        | Killed a slime creature
   127 | D        | Reached skill level 20 in Stealth
   127 | D        | Reached XP level 7. HP: 53/53 MP: 7/7
   143 | D        | Noticed a kobold demonologist
   144 | D        | Noticed a kobold demonologist
   147 | D        | Killed a kobold demonologist
   148 | D        | Reached skill level 5 in Short Blades
   148 | D        | Reached skill level 21 in Stealth
   148 | D        | Reached * piety under Yredelemnul
   149 | D        | Reached XP level 8. HP: 60/60 MP: 8/8
   151 | D        | Killed a kobold demonologist
   152 | D        | Reached skill level 22 in Stealth
   159 | D        | Noticed a demonic crawler
   159 | D        | Noticed a demonic crawler
   159 | D        | Noticed a demonic crawler
   159 | D        | Noticed a demonic crawler
   161 | D        | Killed a demonic crawler
   161 | D        | Reached ** piety under Yredelemnul
   162 | D        | Reached skill level 23 in Stealth
   163 | D        | Killed a demonic crawler
   164 | D        | Reached skill level 24 in Stealth
   179 | D        | Slain by a demonic crawler

Illustrated notes

Levels and vault maps discovered:
D:        dungeon_sprint_1 [red_sonja_temple_1, red_sonja_temple_small_1]

Skill      XL: |  1  2  3  4  5  6  7  8 |
---------------+-------------------------+-----
Fighting       | 2 3 4 |  4.3
Throwing       | 2 3 4 |  4.1
Stealth        | 9 12 16 17 20 21 24 | 24.1
Short Blades   | 3 4 5 |  5.7
Dodging        | 2 |  2.7

Action                   |  1- 3 |  4- 6 |  7- 9 || total
-------------------------+-------+-------+-------++-------
Melee: Dagger            |     2 |     4 |    16 ||    22
       Bite              |       |       |     1 ||     1
  Use: Potion            |       |       |     2 ||     2
 Stab: Sleeping          |     2 |     4 |     5 ||    11
Armor: Robe              |       |       |     6 ||     6
Dodge: Dodged            |       |       |    17 ||    17
